 Dungeon Crawl Stone Soup version 0.24.0-13-gcf9b319 (webtiles) character file.

Game seed: 5601661829425279475, levelgen mode: deterministic

485 ricardofg the Conjurer (level 7, -8/38 HPs)
             Began as a Tengu Conjurer on Nov 17, 2019.
             Killed by divine providence
             ... invoked by an orc priest
              (14 damage)
             ... on level 5 of the Dungeon.
             The game lasted 00:11:19 (4487 turns).

ricardofg the Conjurer (Tengu Conjurer)             Turns: 4487, Time: 00:11:19

Health: -8/38      AC:  0    Str:  8    XL:     7   Next: 13%
Magic:  9/14       EV: 13    Int: 20    God:
Gold:   200        SH:  0    Dex: 15    Spells: 11/14 levels left

rFire    . . .     SeeInvis .   y - +8 rapier "Ypnoff" {pain, MR+ Int+3}
rCold    + . .     Gourm    .   (no shield)
rNeg     . . .     Faith    .   q - -2 robe (curse)
rPois    .         Spirit   .   (helmet restricted)
rElec    .         Reflect  .   (no cloak)
rCorr    .         Harm     .   (no gloves)
MR       +....                  (boots unavailable)
Stlth    ++........             (no amulet)
HPRegen  0.12/turn              n - ring of protection from cold
MPRegen  0.14/turn              (no ring)

@: very slightly contaminated
A: beak, talons 3, able to fly
a: Fly


You were on level 5 of the Dungeon.
You were not hungry.

You visited 1 branch of the dungeon, and saw 5 of its levels.

You collected 200 gold pieces.

Inventory:

Hand Weapons
 f - a +0 short sword
 o - a +0 quarterstaff
 y - the +8 rapier "Ypnoff" (weapon) {pain, MR+ Int+3}
   (You found it on level 5 of the Dungeon)

   In the hands of one skilled in necromantic magic, it inflicts extra damage on
   living creatures.
   It affects your intelligence (+3).
   It affects your resistance to hostile enchantments.
Missiles
 l - 16 poisoned darts (quivered)
Armour
 a - a +0 robe
 e - a +0 buckler
 q - a cursed -2 robe (worn)
Jewellery
 m - an uncursed ring of positive energy {unknown}
 n - a ring of protection from cold (left hand)
 t - an uncursed ring of positive energy {unknown}
Wands
 w - a wand of digging (4)
Scrolls
 b - 2 scrolls of enchant armour
 g - 5 scrolls of identify
 h - 2 scrolls of teleportation
 j - a scroll of magic mapping
 s - 3 scrolls of fear
 v - 2 scrolls of immolation
Potions
 d - a potion of resistance {unknown}
 i - 3 potions of heal wounds
 k - a potion of brilliance {unknown}
 p - a potion of invisibility {unknown}
 r - a potion of curing {unknown}
 u - a potion of magic {unknown}
 z - a potion of haste {unknown}
 A - a potion of mutation {unknown}
Comestibles
 c - 8 rations
 x - 2 chunks of flesh


   Skills:
 + Level 1.6 Fighting
 - Level 1.2 Staves
 + Level 1.6 Armour
 + Level 2.9 Dodging
 - Level 2.0 Stealth
 + Level 1.6 Shields
 + Level 4.0 Spellcasting
 + Level 7.4 Conjurations
 + Level 1.7 Evocations


You had 11 spell levels left.
You knew the following spells:

 Your Spells              Type           Power        Failure   Level  Hunger
a - Magic Dart            Conj           ####         1%          1    None
b - Searing Ray           Conj           ####..       1%          2    #......

Your spell library contained the following spells:

 Spells                   Type           Power        Failure   Level  Hunger
 Iskenderun's Mystic Bla  Conj           ####....     6%          4    ####...
 Dazzling Spray           Conj/Hex       ###...       9%          3    ###....
 Force Lance              Conj/Tloc      ###.....     28%         4    ####...
 Fulminant Prism          Conj/Hex       ###.......   28%         4    ####...


Dungeon Overview and Level Annotations

Branches:
Dungeon (5/15)
 Temple: D:4-7

Altars:
Cheibriados
Dithmenos


Innate Abilities, Weirdness & Mutations

You have a beak for a mouth.
You have claws for feet.
You can fly continuously.


Message History

Confirm with . or Enter, or press ? or * to list all spells.
Aiming: Searing Ray (safe; 1% risk of failure)
Press: ? - help, Shift-Dir - straight line, f - orc priest
Aim: an orc priest, wielding a +0 dagger The searing ray misses the orc priest. (Press . to maintain the ray.)
Something hits you.
The searing ray hits the orc priest!
The orc priest is severely wounded.
Something hits you.
The orc priest calls down the wrath of Beogh upon you.
Beogh smites you!
* * * LOW HITPOINT WARNING * * *
You hear a shout!
The searing ray hits something!
Reactivating autopickup.
You feel a bit more experienced.
The orc priest mumbles some strange prayers to Beogh against you.
Beogh smites you!
You die...

#####.#.####.##..#'#
oo#........#...'.+
#.#.#.####.## ##.##
#.#......#..###.#.##
#o#..###.##.....#...
#.#..###.#####.###.#
#.#................#
#o##.########......#
#o)@.# ########
######


You could see an orc priest and an orc.

Vanquished Creatures
  A phantom (D:5)
  An ogre (D:5)
  A jelly (D:5)
  2 orc priests (D:5)
  A hound (D:5)
  2 worker ants
  An orc wizard (D:5)
  5 adders
  2 oozes
  A dart slug (D:3)
  3 leopard geckos
  8 orcs
  8 giant cockroaches
  7 goblins
  6 hobgoblins
  5 jackals
  A quokka (D:4)
  A ball python (D:1)
  4 bats
  5 frilled lizards
  7 kobolds
  8 rats
80 creatures vanquished.

Notes
Turn   | Place    | Note
-------+----------+-------------------------------------------
     0 | D:1      | ricardofg the Tengu Conjurer began the quest for the Orb.
     0 | D:1      | Reached XP level 1. HP: 10/10 MP: 4/4
   250 | D:1      | Reached XP level 2. HP: 15/15 MP: 3/6
   679 | D:1      | Reached XP level 3. HP: 19/19 MP: 0/8
   682 | D:1      | Reached skill level 6 in Conjurations
  1484 | D:2      | Found a snail-covered altar of Cheibriados.
  1505 | D:2      | Learned a level 2 spell: Searing Ray
  2018 | D:3      | Reached XP level 4. HP: 13/24 MP: 4/9
  2292 | D:3      | Found a faded altar of an unknown god.
  2537 | D:3      | Found a shadowy altar of Dithmenos.
  3479 | D:4      | Gained mutation: You can fly continuously. [Tengu growth]
  3479 | D:4      | Reached XP level 5. HP: 26/28 MP: 4/11
  3977 | D:5      | Entered Level 5 of the Dungeon
  3982 | D:5      | Reached skill level 7 in Conjurations
  4104 | D:5      | Got an ancient rapier
  4105 | D:5      | Identified the +8 rapier "Ypnoff" {pain, MR+ Int+3} (You
                  | found it on level 5 of the Dungeon)
  4116 | D:5      | Noticed an ogre
  4122 | D:5      | Killed an ogre
  4122 | D:5      | Reached skill level 1 in Fighting
  4122 | D:5      | Reached skill level 1 in Staves
  4122 | D:5      | Reached skill level 1 in Armour
  4122 | D:5      | Reached skill level 1 in Shields
  4122 | D:5      | Reached skill level 1 in Evocations
  4122 | D:5      | Reached XP level 6. HP: 34/34 MP: 4/12
  4328 | D:5      | Noticed a phantom
  4340 | D:5      | Killed a phantom
  4340 | D:5      | Reached XP level 7. HP: 29/38 MP: 1/14
  4487 | D:5      | Killed from afar by an orc priest

Levels and vault maps discovered:
D:1:      dpeg_arrival_prison, layout_loops_ring, minmay_tree_intersection
D:2:      layout_basic, overflow_temple_1_default
D:3:      layout_loops_ring, overflow_temple_1_default,
          chequers_ecumenical_altar_simple_redux
D:4:      layout_gridville, hangedman_abyss_or_decor_stagger,
          chequers_serial_rivers_micro_c
D:5:      layout_basic, lemuel_temple_firewalk_b, first_ration,
          nemelex_dance_club_becter

Skill      XL: |  1  2  3  4  5  6 |
---------------+-------------------+-----
Conjurations   | 6 7 |  7.4
Spellcasting   | 3 4 |  4.0
Fighting       | 1 |  1.6
Staves         | 1 |  1.2
Armour         | 1 |  1.6
Shields        | 1 |  1.6
Evocations     | 1 |  1.7
Dodging        | |  2.9
Stealth        | |  2.0

Action                   |  1- 3 |  4- 6 |  7- 9 || total
-------------------------+-------+-------+-------++-------
Melee: Unarmed           |    15 |       |       ||    15
       Kick              |     4 |     1 |       ||     5
       Peck              |     2 |     2 |       ||     4
       Short sword       |    11 |       |       ||    11
       Quarterstaff      |     7 |     3 |       ||    10
       Rapier            |       |     6 |     5 ||    11
Throw: Dart              |     4 |     6 |       ||    10
 Cast: Magic Dart        |    64 |    96 |     3 ||   163
       Searing Ray       |       |     2 |     1 ||     3
  Use: Scroll            |       |     7 |       ||     7
       Potion            |       |     1 |       ||     1
 Stab: Sleeping          |     2 |       |       ||     2
       Distracted        |       |     1 |       ||     1
  Eat: Chunk             |     4 |     5 |       ||     9
       Ration            |       |     1 |       ||     1
Armor: Robe              |     6 |       |       ||     6
Dodge: Dodged            |    25 |    16 |       ||    41
